Description

Replay - Bunny v llllllllllll - 해비테이션 스테이션 - 래더

Build Order

Get SALT Encoding   

  12  0:00  SCV  
  13  0:12  SCV  
  14  0:17  Supply Depot  
  14  0:24  SCV  
  15  0:38  SCV  
  15  0:40  Barracks  
  16  0:43  Refinery  
  16  0:50  SCV  
  16  0:55  Refinery  
  17  1:02  SCV  
  18  1:14  SCV  
  19  1:27  Marine, Orbital Command  
  19  1:32  Factory  
  20  1:45  Supply Depot, Marine  
  21  1:52  SCV  
  22  2:03  Marine  
  22  2:06  SCV  
  24  2:16  Starport  
  24  2:17  Factory Tech Lab  
  24  2:18  SCV  
  24  2:20  Marine  
  26  2:25  Supply Depot  
  26  2:30  SCV  
  27  2:38  Marine  
  27  2:43  SCV, Widow Mine  
  31  2:50  Supply Depot  
  31  2:52  Medivac  
  31  2:55  SCV  
  31  2:56  Marine  
  35  3:07  SCV  
  36  3:14  Marine  
  36  3:15  Factory Reactor  
  36  3:19  Engineering Bay  
  37  3:21  SCV  
  37  3:22  Viking  
  40  3:33  SCV  
  40  3:36  Marine  
  34  3:57  SCV  
  34  4:01  Missile Turret  
  34  4:02  Raven  
  36  4:04  Factory Tech Lab  
  36  4:07  Missile Turret  
  36  4:08  Marine x2  
  39  4:13  Command Center  
  38  4:25  Siege Tank  
  38  4:26  Marine  
  39  4:32  SCV  
  39  4:37  Supply Depot  
  40  4:39  Marine  
  41  4:51  Viking  
  41  4:52  Marine  
  44  4:55  SCV  
  45  5:05  Marine x2  
  46  5:10  Siege Tank  
  50  5:17  SCV  
  49  5:29  SCV  
  49  5:32  Orbital Command  
  50  5:37  Viking x2  
  54  5:43  SCV  
  54  5:46  Marine  
  56  5:56  SCV, Siege Tank, Orbital Command  
  60  6:08  SCV  
  60  6:13  Stimpack  
  60  6:20  SCV x2  
  60  6:24  Marine  
  63  6:30  Viking  
  65  6:35  Refinery  
  65  6:36  SCV x2  
  67  6:44  Viking  
  69  6:48  Refinery  
  69  6:49  Supply Depot  
  69  6:51  Siege Tank  
  69  6:52  Marine  
  73  6:58  SCV x2  
  75  7:03  Supply Depot  
  75  7:08  Supply Depot  
  75  7:09  Terran Infantry Weapons Level 1  
  75  7:12  SCV x2  
  76  7:24  SCV x2  
  76  7:26  Marine  
  76  7:28  Siege Tank  
  81  7:36  Command Center  
  82  7:37  SCV x2  
  82  7:44  Viking  
  85  7:45  Supply Depot  
  85  7:47  Marine  
  85  7:49  SCV x2  
  82  8:07  Viking  
  82  8:08  Marine  
  83  8:14  Viking  
  83  8:17  Siege Tank  
  83  8:18  Barracks x2  
  88  8:22  SCV x2  
  90  8:30  Marine  
  91  8:34  SCV x2  
  91  8:38  Supply Depot  
  91  8:39  Barracks x2  
  91  8:47  SCV x2  
  91  8:48  Marine  
  93  8:49  Combat Shields  
  93  8:50  Siege Tank  
  94  9:05  Barracks Reactor  
  94  9:06  Marine  
  94  9:07  SCV x2  
  94  9:09  Orbital Command  
  95  9:11  Missile Turret  
  95  9:14  Barracks Reactor  
  95  9:22  SCV x2, Siege Tank  
  95  9:24  Marine  
  100  9:30  Barracks Reactor x2  
  98  9:34  SCV x3  
  98  9:36  Missile Turret  
  91  9:40  Viking x2  
  91  9:41  Marine  
  96  9:46  SCV  
  96  9:49  Marine x4  
  98  9:54  SCV x3  
  98  9:59  Marine, Siege Tank  
Spawning Tool Build Advisor. Get it on Overwolf

Go to:

Details

  • Created by: sandriver
  • Published on: Apr 03, 2017
  • Modified on: Apr 03, 2017
  • Patch: 3.8.0
Show
View Real Time Build Order
Export as new Build Order

Comments (0)

There are no comments. Be the first!

Create an account to comment!